 Dungeon Crawl Stone Soup version 0.18.1-48-g4cf74bf (webtiles) character file.

3663 buf2 the Ducker (level 10, -3/76 HPs)
             Began as a Human Wanderer on July 18, 2016.
             Slain by a killer bee (7 damage)
             ... on level 8 of the Dungeon on July 21, 2016.
             The game lasted 00:52:21 (9265 turns).

buf2 the Ducker (Human Wanderer)                    Turns: 9265, Time: 00:52:21

Health: -3/76      AC: 12    Str: 17    XL:     10   Next: 34%
Magic:  14/15      EV: 14    Int: 18    God:
Gold:   403        SH:  0    Dex: 13    Spells: 3 memorised, 11 levels left

rFire  . . .     SeeInvis .     a - +3 hand axe (chop)
rCold  . . .     Gourm    .     y - +0 ring mail
rNeg   . . .     Faith    .     (no shield)
rPois  .         Spirit   .     K - +0 helmet
rElec  .         Dismiss  .     (no cloak)
rCorr  .         Reflect  .     S - +0 pair of gloves
SustAt .         Harm     .     W - +2 pair of boots
MR     .....                    (no amulet)
Stlth  ++........               T - +3 ring of strength
                                Z - +4 ring of intelligence

@: lethally poisoned (-3 -> -5), very slightly contaminated, not resistant to
hostile enchantments, unstealthy
A: no striking features
a: no special abilities


You were on level 8 of the Dungeon.
You were not hungry.

You visited 2 branches of the dungeon, and saw 9 of its levels.

You collected 403 gold pieces.

Inventory:

Hand Weapons
 a - a +3 hand axe of chopping (weapon)
 b - a +1 shortbow
 l - a +0 spear
 m - a cursed -3 dagger
 x - a +0 short sword
 C - a +0 falchion
 H - a +0 quarterstaff
 I - a +0 hand axe
 N - a +1 flail of protection
 Q - a +0 blowgun
 U - a cursed -1 morningstar
Missiles
 c - 238 stones (quivered)
 h - 113 sling bullets
 q - 54 arrows
 u - 7 tomahawks
 F - 33 bolts
 O - 20 poisoned needles
 P - 5 curare-tipped needles
 V - 2 poisoned javelins
Armour
 d - a +0 robe
 e - a +0 leather armour
 j - a +0 plate armour
 t - a +0 buckler
 y - a +0 ring mail (worn)
 K - a +0 helmet (worn)
 M - a +0 shield
 S - a +0 pair of gloves (worn)
 W - a +2 pair of boots (worn)
Magical Staves
 L - an uncursed staff of death
Jewellery
 E - an uncursed ring of ice
 T - a +3 ring of strength (right hand)
 Z - a +4 ring of intelligence (left hand)
Wands
 g - a wand of acid (8/15)
 s - a wand of disintegration (0/24)
 X - a wand of disintegration (6/24)
Scrolls
 o - 3 scrolls of remove curse
 G - a scroll of amnesia
Potions
 n - 2 potions of invisibility
 p - a potion of might
 w - a potion of haste
 B - 2 potions of berserk rage
 R - 2 potions of cancellation
 Y - a potion of brilliance {unknown}
Books
 A - a book of Minor Magic

   Spells                             Type                      Level
   a - Magic Dart                     Conjuration                  1
   b - Blink                          Translocation                2
   c - Call Imp                       Summoning                    2
   d - Repel Missiles                 Charms/Air                   2
   e - Slow                           Hexes                        2
   f - Conjure Flame                  Conjuration/Fire             3
   g - Mephitic Cloud                 Conjuration/Poison/Air       3
 D - a book of Ice

   Spells                             Type                      Level
   a - Ice Form                       Ice/Transmutation            4
   b - Metabolic Englaciation         Hexes/Ice                    5
   c - Ozocubu's Refrigeration        Ice                          6
   d - Bolt of Cold                   Conjuration/Ice              6
   e - Freezing Cloud                 Conjuration/Ice/Air          6
   f - Simulacrum                     Ice/Necromancy               6
Comestibles
 f - 5 bread rations


   Skills:
 + Level 5.9 Fighting
 + Level 5.5 Axes
 + Level 3.3 Bows
 + Level 1.1 Throwing
 + Level 6.7 Armour
 + Level 7.2 Dodging
 + Level 3.4 Stealth
 + Level 3.8 Spellcasting
 + Level 1.0 Conjurations
 + Level 1.1 Summonings
 + Level 3.4 Evocations


You had 11 spell levels left.
You knew the following spells:

 Your Spells              Type           Power        Failure   Level  Hunger
a - Magic Dart            Conj           #...         21%         1    None
b - Blink                 Tloc           N/A          45%         2    ##.....
c - Call Imp              Summ           #.......     24%         2    ##.....


Dungeon Overview and Level Annotations

Branches:
Dungeon (8/15)             Temple (1/1) D:4
   Lair: D:8-11

Altars:
Ashenzari
Cheibriados
Dithmenos
Elyvilon
Fedhas
Gozag
Kikubaaqudgha
Makhleb
Nemelex Xobeh
Okawaru
Pakellas
Qazlal
Ru
Trog
Vehumet
Xom
Yredelemnul
Zin
The Shining One


Message History

You miscast Blink.
You are very lightly contaminated with residual magic.
You feel uncomfortable. The killer bee closely misses you.
The killer bee stings you but does no damage.
The killer bee closely misses you. The killer bee misses you.
You see here a flail.
The killer bee stings you but does no damage.
Things that are here:
a dagger; a robe The killer bee stings you.
* * * LOW HITPOINT WARNING * * *
You are poisoned.
The killer bee poisons you!
You feel sick.
You feel sick. The killer bee closely misses you.
The killer bee barely misses you. The killer bee closely misses you.
You feel sick. The killer bee stings you!
You die...

#§##.##...........##.#
#O§O....######...^...#
####)#### #.......###
#)# #.........# #O##
#..###.##.# #..###
###..###.##.# #..y.#
#........##.. ####y#
#.....####... #@#
#.....# #.## #####.#
#.....# #.## #...#.#
#.....# #.## #.....#
####### #.## #...###
#.## ##.## #...
####.#### ####
#.......# ######## #
#.##.##.# #......# #


You could see a two-headed ogre and 2 killer bees.

Vanquished Creatures
  A queen bee (D:8)
  A water moccasin (D:7)
  2 orc warriors
  A sky beast (D:5)
  3 ice beasts
  A wasp (D:8)
  2 ogres
  2 centaurs
  A big kobold (D:6)
  5 giant frogs
  A water moccasin zombie (D:6)
  4 scorpions
  12 killer bees (D:8)
  4 howler monkeys (D:7)
  A crimson imp (D:8)
  A giant frog zombie (D:5)
  A jelly (D:7)
  5 hounds
  5 orc priests
  10 orc wizards
  2 iguanas
  3 worker ants
  2 hound skeletons
  3 worker ant zombies
  9 adders
  A shadow imp (D:6)
  An adder zombie (D:6)
  3 worms
  2 dart slugs
  7 giant geckos
  25 orcs
  4 bats
  5 giant cockroaches
  3 goblins
  5 hobgoblins
  15 kobolds
  7 quokkas
  2 ball pythons
  A giant gecko skeleton (D:7)
  A giant newt (D:6)
  A quokka skeleton (D:7)
  8 rats
173 creatures vanquished.

Notes
Turn   | Place    | Note
--------------------------------------------------------------
     0 | D:1      | buf2 the Human Wanderer began the quest for the Orb.
     0 | D:1      | buf2 set off with: a book of Minor Magic, a +0 hand axe, a +0 spear, a +0 robe, a bread ration
     0 | D:1      | Reached XP level 1. HP: 18/18 MP: 4/4
     2 | D:1      | Learned a level 1 spell: Magic Dart
   243 | D:1      | Reached XP level 2. HP: 21/24 MP: 6/6
   850 | D:2      | Reached XP level 3. HP: 25/29 MP: 7/7
  1624 | D:2      | Reached XP level 4. HP: 24/35 MP: 4/9
  1711 | D:3      | Learned a level 2 spell: Blink
  1714 | D:3      | Learned a level 2 spell: Call Imp
  2099 | D:3      | Reached skill level 1 in Dodging
  2169 | D:3      | Reached XP level 5. HP: 34/41 MP: 8/10
  2604 | D:4      | Reached skill level 2 in Dodging
  2662 | D:4      | Reached XP level 6. HP: 10/48 MP: 11/11
  2928 | D:4      | Reached skill level 1 in Stealth
  3039 | D:4      | Found a staircase to the Ecumenical Temple.
  3053 | D:4      | Reached skill level 1 in Axes
  3068 | Temple   | Entered the Ecumenical Temple
  3364 | D:4      | Found an iron altar of Okawaru.
  3386 | D:4      | Found a sparkling altar of Nemelex Xobeh.
  3544 | D:5      | Entered Level 5 of the Dungeon
  3547 | D:5      | Reached XP level 7. HP: 54/54 MP: 12/12
  3908 | D:5      | Reached skill level 3 in Dodging
  4143 | D:5      | Reached skill level 5 in Armour
  4143 | D:5      | Reached XP level 8. HP: 26/60 MP: 13/13
  4790 | D:5      | Found a bloodstained altar of Trog.
  5097 | D:6      | Reached skill level 4 in Dodging
  5859 | D:6      | Reached skill level 1 in Conjurations
  5859 | D:6      | Reached XP level 9. HP: 44/67 MP: 14/14
  6168 | D:6      | Reached skill level 5 in Fighting
  6168 | D:6      | Reached skill level 5 in Dodging
  6716 | D:7      | Reached skill level 1 in Bows
  6716 | D:7      | Reached skill level 1 in Throwing
  7905 | D:8      | Reached skill level 6 in Dodging
  8490 | D:8      | Reached XP level 10. HP: 63/75 MP: 15/15
  8498 | D:8      | Reached skill level 5 in Axes
  8568 | D:8      | Reached skill level 7 in Dodging
  8714 | D:8      | Reached skill level 1 in Summonings
  9265 | D:8      | Slain by a killer bee

Skill      XL: |  1  2  3  4  5  6  7  8  9 10 |
---------------+-------------------------------+-----
Dodging        | 1 2 3 4 6 7 |  7.2
Armour         | 3 4 5 6 |  6.7
Stealth        | 1 2 3 |  3.4
Axes           | 1 2 3 4 5 |  5.5
Fighting       | 4 5 |  5.9
Conjurations   | 1 |  1.0
Evocations     | 3 |  3.4
Bows           | 2 3 |  3.3
Throwing       | 1 |  1.1
Summonings     | 1 |  1.1
Spellcasting   | |  3.8

Action                   |  1- 3 |  4- 6 |  7- 9 | 10-12 || total
-------------------------+-------+-------+-------+-------++-------
Melee: Hand axe          |   118 |   106 |   399 |    97 ||   720
       Staff             |       |       |    10 |       ||    10
 Fire: Shortbow          |       |       |    35 |     4 ||    39
       Blowgun           |       |       |     1 |       ||     1
Throw: Tomahawk          |       |       |     4 |       ||     4
       Stone             |       |       |     1 |       ||     1
 Cast: Magic Dart        |     7 |     2 |     8 |     2 ||    19
       Call Imp          |       |       |       |     1 ||     1
Evoke: Wand              |       |    10 |    17 |     1 ||    28
  Use: Scroll            |     4 |     6 |    13 |     2 ||    25
       Potion            |       |       |     7 |     2 ||     9
 Stab: Sleeping          |     1 |       |     3 |       ||     4
       Distracted        |       |       |     1 |     1 ||     2
  Eat: Chunk             |     1 |     1 |     4 |     1 ||     7
       Pizza             |     1 |       |     1 |       ||     2
       Meat ration       |       |     1 |     1 |       ||     2
       Bread ration      |       |       |     1 |     1 ||     2
       Beef jerky        |       |       |     1 |       ||     1
Armor: Leather armour    |     7 |       |       |       ||     7
       Ring mail         |    31 |    45 |   170 |    60 ||   306
Dodge: Dodged            |    66 |    66 |   314 |    94 ||   540
